 Dungeon Crawl Stone Soup version 0.31.0-11-ge490571c62 (webtiles) character file.

Game seed: 2454894677129980774

146 qw the Shooter (level 5, 0/26 HPs)
             Began as a Spriggan Hunter on Feb 3, 2024.
             Slain by a gnoll
             ... wielding a +0 halberd
             ... led by a gnoll bouda
              (12 damage)
             ... on level 4 of the Dungeon.
             The game lasted 00:00:09 (2500 turns).

qw the Shooter (Spriggan Hunter)                    Turns: 2500, Time: 00:00:10

Health: 0/26       AC:  4    Str:  7    XL:     5   Next: 7%
Magic:  6/6        EV: 20    Int: 11    God:
Gold:   122        SH:  5    Dex: 20    Spells: 4/4 levels left

rFire   . . .        a - +0 shortbow
rCold   . . .        (shield currently unavailable)
rNeg    . . .        b - +2 animal skin
rPois   .            (helmet restricted)
rElec   .            (no cloak)
rCorr   +            (gloves unavailable)
SInv    +            (boots unavailable)
Will    .....        j - amulet of reflection
Stlth   ++           d - ring of resist corrosion
HPRegen 0.24/turn    (no ring)
MPRegen 0.10/turn

%: reflection
@: very quick
A: very small, no large weapons, unfitting armour, see invisible, speed 3
a: no special abilities


You were on level 4 of the Dungeon.
You visited 1 branch of the dungeon, and saw 4 of its levels.

You collected 211 gold pieces.
You spent 89 gold pieces at shops.


Innate Abilities, Weirdness & Mutations

You are very small and have problems with some larger weapons.
You are too small for most types of armour.
You have supernaturally acute eyesight. (SInv)
You cover ground extremely quickly. (Speed+++)


   Skills:
 - Level 2.1 Fighting
 + Level 5.1 Ranged Weapons
 - Level 5.0 Dodging
 - Level 1.5 Stealth


You had 4 spell levels left.
You didn't know any spells.
Your spell library was empty.

Inventory:

Hand Weapons
 a - a +0 shortbow (weapon)
Armour
 b - a +2 animal skin (worn)
Jewellery
 d - a ring of resist corrosion (left hand)
 j - an amulet of reflection (around neck)
Wands
 c - a wand of quicksilver (4)
Scrolls
 e - 2 scrolls of identify
 h - a scroll of brand weapon {unknown}
Potions
 f - a potion of might
 g - 4 potions of curing
 k - a potion of resistance

Dungeon Overview and Level Annotations

Branches:
Dungeon (4/15)
 Temple: D:4-7

Altars:
Elyvilon
Fedhas
Kikubaaqudgha
Sif Muna
The Shining One

Shops:
D:2 !*(


Message History

You kill the gnoll!
You have reached level 5!
You feel clever.
You shoot an arrow. The arrow hits the gnoll!
The gnoll is severely wounded.
The gnoll closely misses you.
The gnoll bouda calls upon its god to heal the gnoll.
The gnoll is healed somewhat.
You shoot an arrow. The arrow hits the gnoll.
The gnoll is heavily wounded.
You block the gnoll's attack.
The gnoll bouda barks out a call to the hunt!
The gnolls pick up the pace!
You shoot an arrow. The arrow hits the gnoll.
The gnoll is severely wounded.
Your attacks no longer feel as feeble.
The gnoll misses you.
The gnoll bouda gazes fiercely through you!
You feel your attacks grow feeble.
You shoot an arrow.
The arrow hits the gnoll bouda but does no damage.
The gnoll bouda is moderately wounded.
You shoot an arrow. The arrow hits the gnoll bouda.
The gnoll bouda is heavily wounded.
The gnoll bouda barely misses you.
You shoot an arrow.
The arrow barely misses the gnoll bouda.
The gnoll hits you from afar with a +0 halberd.
The gnoll bouda hits you with a +0 club!
The gnoll closely misses you.
You shoot an arrow.
The arrow barely misses the gnoll bouda.
The gnoll bouda misses you. The gnoll closely misses you.
You shoot an arrow. The arrow hits the gnoll bouda.
The gnoll bouda is severely wounded.
Your attacks no longer feel as feeble.
You block the gnoll bouda's attack. The gnoll misses you.
You shoot an arrow. The arrow hits the gnoll bouda.
You kill the gnoll bouda!
The gnoll hits you from afar with a +0 halberd!
You die...

#.... #...
###... ....
.g. #g#
#.###)########
#..:..@.......
#####.########
#.# #.#####
#.....# .
#.###.#
....####.#
#.)....#
#...####.#


You could see 2 gnolls.

Vanquished Creatures
  A gnoll bouda (D:4)
  Terence (D:3)
  Robin (D:3)
  A gnoll (D:4)
  2 adders
  2 dart slugs
  A ribbon worm (D:2)
  3 orcs (D:4)
  4 endoplasms
  A giant cockroach (D:1)
  19 goblins
  7 hobgoblins
  9 kobolds
  2 quokkas
  3 ball pythons
  5 bats
  5 frilled lizards
  5 rats
72 creatures vanquished.

Notes
Turn   | Place    | Note
-------+----------+-------------------------------------------
     0 | D:1      | qw the Spriggan Hunter began the quest for the Orb.
     0 | D:1      | Reached XP level 1. HP: 10/10 MP: 2/2
     0 | D:1      | 0 ||| qw: Version: 0.3-a-155-g5e7d8dd
     0 | D:1      | 0 ||| qw: Game counter: 3068
     0 | D:1      | 0 ||| qw: Melee chars always use a shield: true
     0 | D:1      | 0 ||| qw: God list: Okawaru
     0 | D:1      | 0 ||| qw: Allow faded altars: false
     0 | D:1      | 0 ||| qw: Do Orc after clearing Dungeon:15 true
     0 | D:1      | 0 ||| qw: Do second Lair branch before Depths: true
     0 | D:1      | 0 ||| qw: Lair rune preference: random
     0 | D:1      | 0 ||| qw: Goals: Normal
     0 | D:1      | 0 ||| PLANNING D:1-11
    60 | D:1      | Reached skill level 3 in Dodging
   120 | D:1      | Reached XP level 2. HP: 14/14 MP: 3/3
   586 | D:1      | 586 ||| UPGRADING to amulet of reflection.
   591 | D:1      | 591 ||| READING 2 scrolls labelled DEUREA ORUZIUVETO.
   591 | D:1      | 591 ||| IDENTIFYING bubbling red potion
   592 | D:1      | 592 ||| READING scroll of identify.
   592 | D:1      | 592 ||| IDENTIFYING red potion
   593 | D:1      | 593 ||| READING scroll labelled HEIDI XOMOOQE.
   594 | D:1      | 594 ||| DROPPING scroll of butterflies.
   595 | D:1      | 595 ||| DROPPING potion of attraction.
   614 | D:2      | Found Afoarrin's Weapon Emporium.
   614 | D:2      | Found Yjufyt's General Store.
   619 | D:2      | 619 ||| STAIRDANCE
   665 | D:2      | Reached XP level 3. HP: 18/18 MP: 4/4
   685 | D:2      | Found Surhonu's Distillery.
   691 | D:2      | 691 ||| BUYING potion of curing (39 gold).
   691 | D:2      | Bought a potion of curing for 39 gold pieces
   691 | D:2      | 691 ||| SHOPLISTING potion of haste (130 gold, have 43).
   808 | D:2      | 808 ||| READING 2 scrolls of identify.
   808 | D:2      | 808 ||| IDENTIFYING bubbling coppery potion
   809 | D:2      | 809 ||| READING scroll of identify.
   809 | D:2      | 809 ||| IDENTIFYING brown potion
   810 | D:2      | 810 ||| DROPPING potion of brilliance.
   935 | D:2      | 935 ||| FLEEEEING.
   977 | D:2      | 977 ||| BUYING potion of curing (30 gold).
   977 | D:2      | Bought a potion of curing for 30 gold pieces
   977 | D:2      | 977 ||| SHOPLISTING potion of haste (100 gold, have 45).
   977 | D:2      | 977 ||| BUYING scroll of identify (20 gold).
   977 | D:2      | Bought a scroll of identify for 20 gold pieces
   977 | D:2      | 977 ||| SHOPLISTING wand of roots (6) (144 gold, have 25).
  1236 | D:2      | 1236 ||| READING scroll of identify.
  1236 | D:2      | 1236 ||| IDENTIFYING 2 golden potions
  1237 | D:2      | 1237 ||| READING 3 scrolls labelled OLAZOL NYEMMO.
  1238 | D:2      | 1238 ||| DROPPING 2 potions of ambrosia.
  1239 | D:2      | 1239 ||| DROPPING 2 scrolls of amnesia.
  1527 | D:3      | Noticed Robin
  1530 | D:3      | Reached XP level 4. HP: 21/22 MP: 5/5
  1540 | D:3      | HP: 4/22 [goblin/+0 club[Robin] (6)]
  1546 | D:3      | HP: 3/22 [goblin/+0 dagger[Robin] (3)]
  1551 | D:3      | HP: 1/22 [goblin/+0 dagger[Robin] (1)]
  1555 | D:3      | Killed Robin
  1847 | D:3      | 1847 ||| UPGRADING to +2 animal skin.
  1850 | D:3      | 1850 ||| UPGRADING to +2 animal skin.
  1863 | D:3      | 1863 ||| DROPPING +0 robe.
  1865 | D:3      | 1865 ||| UPGRADING to ring of resist corrosion.
  1918 | D:3      | Found a white marble altar of Elyvilon.
  1973 | D:3      | Found a blossoming altar of Fedhas.
  1973 | D:3      | Found a glowing golden altar of the Shining One.
  1974 | D:3      | Found a shimmering blue altar of Sif Muna.
  1977 | D:3      | Found an ancient bone altar of Kikubaaqudgha.
  2023 | D:3      | Noticed Terence
  2031 | D:3      | Killed Terence
  2310 | D:3      | 2310 ||| READING 4 scrolls of identify.
  2310 | D:3      | 2310 ||| IDENTIFYING murky pink potion
  2311 | D:3      | 2311 ||| READING 3 scrolls of identify.
  2311 | D:3      | 2311 ||| IDENTIFYING scroll labelled SYJEUCH JYWE
  2312 | D:3      | 2312 ||| DROPPING potion of invisibility.
  2313 | D:3      | 2313 ||| DROPPING scroll of vulnerability.
  2490 | D:4      | 2490 ||| RETREEEEATING.
  2492 | D:4      | Reached XP level 5. HP: 26/26 MP: 6/6
  2500 | D:4      | Slain by a gnoll

Levels and vault maps discovered:
D:1:      dpeg_arrival_connections, layout_loops_ring, dk_noncrumbling_4,
          minmay_tetromino_o2
D:2:      layout_basic, serial_shops, shop, nicolae_shop_peninsula, shop
D:3:      layout_basic, minitemple, chequers_serial_rivers_small_b,
          grunt_ministairs_12, kennysheep_potato, uniq_robin, uniq_terence
D:4:      layout_loops_ring, uniq_eustachio

Skill      XL: |  1  2  3  4 |
---------------+-------------+-----
Dodging        | 3 4 5 |  5.0
Ranged Weapons | 5 |  5.1
Fighting       | 2 |  2.1
Stealth        | |  1.5

Action                     |  1- 3 |  4- 6 || total
---------------------------+-------+-------++-------
   Fire: Shortbow          |   115 |    88 ||   203
    Use: Scroll            |     7 |     2 ||     9
 Armour: Robe              |     6 |    19 ||    25
         Animal skin       |       |     6 ||     6
         Skin              |       |     1 ||     1
  Dodge: Dodged            |    28 |    70 ||    98
  Block: Other             |     5 |    14 ||    19

Table legend:
 A = Non-vault XP
 B = Vault XP
 C = Vault XP percentage of total XP
 D = Non-vault monster count
 E = Vault monster count
 F = Vault count percentage of total count
                 A         B        C        D         E       F
            +---------+---------+-------+---------+---------+-------
      Total |     165 |      83 |  33.5 |      53 |      19 |  26.4
            +---------+---------+-------+---------+---------+-------
        D:1 |      35 |       1 |   2.8 |      23 |       1 |   4.2
        D:2 |      37 |       0 |   0.0 |      13 |       0 |   0.0
        D:3 |      27 |      82 |  75.2 |       9 |      18 |  66.7
        D:4 |      66 |       0 |   0.0 |       8 |       0 |   0.0
            +---------+---------+-------+---------+---------+-------
